 Dungeon Crawl Stone Soup version 0.29-a0-559-g359e09b9d1 (webtiles) character file.

Game seed: 13632627887735308983

63 frimble the Chiller (level 4, -1/20 (33) HPs)
             Began as a Meteoran Ice Elementalist on June 11, 2022.
             Slain by a wyvern (4 damage)
             ... on level 6 of the Dungeon.
             The game lasted 00:02:42 (1214 turns).

frimble the Chiller (Meteoran Ice Elementalist)     Turns: 1214, Time: 00:02:43

HP:   -1/20 (33)    AC: 11    Str:  9    XL:     4   Next: 55%
MP:   3/9           EV: 12    Int: 24    God:
Gold: 73            SH:  0    Dex: 15    Spells: 1/8 levels left

rFire   . . .      SeeInvis .   c - +0 flail
rCold   . . .      Faith    .   (no shield)
rNeg    . . .      Spirit   .   a - +0 robe
rPois   .          Reflect  .   n - +0 helmet
rElec   .          Harm     .   (no cloak)
rCorr   .          Rampage  .   e - +0 pair of gloves
Will    .....                   (no boots)
Stlth   +.........              (no amulet)
HPRegen 0.06/turn               h - +6 ring of intelligence
MPRegen 0.11/turn               (no ring)

@: ice-armoured, freezing walls, hasted, glowing, very heavily drained, very
quick
A: sense surroundings 1, otherworldly, glowing, explore regen
a: no special abilities


You were on level 6 of the Dungeon.
You visited 1 branch of the dungeon, and saw 4 of its levels.

You collected 73 gold pieces.

Inventory:

Hand Weapons
 c - a +0 flail (weapon)
Armour
 a - a +0 robe (worn)
 e - a +0 pair of gloves (worn)
 n - a +0 helmet (worn)
Jewellery
 h - a +6 ring of intelligence (left hand)
 j - a ring of resist corrosion
Scrolls
 d - 4 scrolls of identify {unknown}
 f - 3 scrolls of amnesia {unknown}
 i - 3 scrolls of vulnerability {unknown}
 m - a scroll of teleportation {unknown}
Potions
 b - a potion of magic
 k - a potion of flight {unknown}
 l - a potion of curing {unknown}


   Skills:
 + Level 3.0 Maces & Flails
 - Level 2.5 Dodging
 - Level 1.5 Stealth
 - Level 2.8 Spellcasting
 + Level 5.2 Ice Magic


You had one spell level left.
You knew the following spells:

 Your Spells              Type           Power      Damage    Failure   Level
a - Freeze                Ice            100%       1d11      1%          1
b - Frozen Ramparts       Ice            56%        1d7       3%          3
c - Ozocubu's Armour      Ice            28%        N/A       3%          3

Your spell library contained the following spells:

 Spells                   Type           Power      Damage    Failure   Level
 Slow                     Hex            12%        N/A       11%         1
 Confusing Touch          Hex            3%         N/A       32%         3
 Vampiric Draining        Necr           3%         2d6       32%         3
 Hailstorm                Conj/Ice       16%        3d6       36%         4


Dungeon Overview and Level Annotations

Branches:
Dungeon (3/15)

Altars:


Innate Abilities, Weirdness & Mutations

You passively map a small area around you.
You are easily found by Zot.
You glow in the dark.
You regain HP and MP as you explore.


Message History

n - a +0 helmet Keep equipping yourself? [Y]es or [N]o only, please.
Keep equipping yourself? [Y]es or [N]o only, please.
Keep equipping yourself? [Y]es or [N]o only, please.
Keep equipping yourself? [Y]es or [N]o only, please.
Keep equipping yourself?
You start putting on your armour.
You continue putting on your +0 helmet.
The wyvern hisses angrily.
You continue putting on your +0 helmet. x3
You finish putting on your +0 helmet.
Casting: Freeze (safe; 1% risk of failure)
Confirm with . or Enter, or press ? or * to list all spells.
The spell is quite dangerous to miscast (3% risk of failure)!
Continue anyway? [Y]es or [N]o only, please.
The spell is quite dangerous to miscast (3% risk of failure)!
Continue anyway? [Y]es or [N]o only, please.
The spell is quite dangerous to miscast (3% risk of failure)!
Continue anyway? [Y]es or [N]o only, please.
The spell is quite dangerous to miscast (3% risk of failure)!
Continue anyway?
Casting: Frozen Ramparts (quite dangerous; 3% risk of failure)
Press: ? - help, Dir - look around, f - activate The walls around you are covered in ice.
The wall freezes the wyvern.
The wyvern closely misses you.
Casting: Frozen Ramparts (quite dangerous; 3% risk of failure)
Confirm with . or Enter, or press ? or * to list all spells.
The spell is quite dangerous to miscast (3% risk of failure)!
Continue anyway?
A film of ice covers your body!
The wall freezes the wyvern.
The wyvern bites you!
Ouch! That really hurt!
The wall freezes the wyvern.
The wyvern bites you!
* * * LOW HITPOINT WARNING * * *
It was a potion of haste.
You feel yourself speed up.
The wall freezes the wyvern.
The wyvern hisses menacingly.
The wyvern bites you.
You die...

* * , *
* * .#
,* .####
* , ,
.... * ,
, * ,
... ,
###.###
*,*
*#.....*
*,
##.#l#
#..@.#
#..### *
, *
#.... *
, #.####
#.# #.#
*#.# ..#
*


You could see a wyvern.

Vanquished Creatures
  An adder (D:2)
  An adder skeleton (D:2)
  A dart slug (D:1)
  An orc (D:2)
  9 ball pythons
  2 bat zombies (D:2)
  4 endoplasms
  3 giant cockroaches
  4 goblins
  2 hobgoblins
  3 jackals (D:1)
  3 kobolds (D:1)
  A quokka (D:2)
  A ball python zombie (D:2)
  A bat (D:2)
  A frilled lizard (D:1)
  A jackal zombie (D:2)
  A quokka skeleton (D:2)
  A quokka zombie (D:2)
41 creatures vanquished.

Vanquished Creatures (others)
  A withered plant (D:2)
1 creature vanquished.

Grand Total: 42 creatures vanquished

Notes
Turn   | Place    | Note
-------+----------+-------------------------------------------
     0 | D:1      | frimble the Meteoran Ice Elementalist began the quest for
                  | the Orb.
     0 | D:1      | Reached XP level 1. HP: 14/14 MP: 5/5
    24 | D:1      | Reached XP level 2. HP: 19/20 MP: 3/6
    83 | D:1      | Reached skill level 1 in Maces & Flails
   272 | D:1      | Reached XP level 3. HP: 22/26 MP: 6/8
   292 | D:1      | Found a faded altar of an unknown god.
   496 | D:1      | Glimpsed the power of Zot.
   557 | D:2      | Learned a level 3 spell: Frozen Ramparts
   561 | D:2      | Learned a level 3 spell: Ozocubu's Armour
   671 | D:2      | Reached skill level 5 in Ice Magic
   751 | D:2      | Reached XP level 4. HP: 32/33 MP: 7/9
  1085 | D:2      | Glimpsed the power of Zot.
  1134 | D:2      | Glimpsed the power of Zot.
  1174 | D:2      | Glimpsed the power of Zot.
  1183 | D:2      | Glimpsed the power of Zot.
  1184 | D:2      | Touched by the power of Zot.
  1203 | D:3      | You fall into a shaft and drop 3 floors!
  1207 | D:6      | Noticed a wyvern
  1214 | D:6      | Slain by a wyvern

Illustrated notes

Levels and vault maps discovered:
D:1:      minmay_arrival_radiant_lines, layout_loops_cross,
          ebering_ecumenical_altar_box, nicolae_figureground_pulse
D:2:      minmay_alternating_diamond, layout_loops_corners, serial_undead,
          serial_undead_f, serial_undead_d, serial_undead_d, serial_undead_d,
          nrook_uturn
D:3:      layout_basic
D:6:      layout_loops_ring, serial_shops, nicolae_shop_bloodbath_and_beyond,
          uniq_maggie

Skill      XL: |  1  2  3  4 |
---------------+-------------+-----
Maces & Flails | 1 2 3 |  3.0
Ice Magic      | 5 |  5.2
Dodging        | |  2.5
Stealth        | |  1.5
Spellcasting   | |  2.8

Action                   |  1- 3 |  4- 6 || total
-------------------------+-------+-------++-------
Melee: Flail             |    28 |    27 ||    55
 Cast: Freeze            |    29 |     6 ||    35
       Frozen Ramparts   |       |     3 ||     3
       Ozocubu's Armour  |       |     1 ||     1
  Use: Potion            |       |     1 ||     1
Armor: Robe              |    10 |    14 ||    24
Dodge: Dodged            |    25 |    30 ||    55

Table legend: (Time is in decaauts)
 A = Elapsed time spent in this place.
 B = Non-inter-level travel time spent in this place.
 C = Inter-level travel time spent in this place.
 D = Time resting spent in this place.
 E = Time spent auto-exploring this place.
 F = Levels seen in this place.
 G = Mean time per level.
                   A        B        C        D        E       F      G
               +--------+--------+--------+--------+--------+-----+--------+
         Total |   1229 |   1202 |     27 |      0 |    900 |   4 |  307.2 |
       Dungeon |   1229 |   1202 |     27 |      0 |    900 |   4 |  307.2 |
               +--------+--------+--------+--------+--------+-----+--------+

Top non-repeatable levels by time:
     D:2: 706 daAuts
     D:1: 512 daAuts
     D:6: 10 daAuts
